 Dungeon Crawl Stone Soup version 0.22.1-2-g9c5b331383 (webtiles) character file.

17 Chr0nify the Conjurer (level 2, 0/20 HPs)
             Began as a Draconian Conjurer on Nov 15, 2018.
             Slain by a goblin (4 damage)
             ... led by Robin
             ... on level 2 of the Dungeon.
             The game lasted 00:06:12 (1443 turns).

Chr0nify the Conjurer (Draconian Conjurer)          Turns: 1443, Time: 00:06:13

Health: 0/20       AC:  4    Str: 10    XL:     2   Next: 44%
Magic:  2/5        EV: 12    Int: 15    God:
Gold:   65         SH:  0    Dex: 11    Spells: 2/5 levels left

rFire    . . .     SeeInvis .   j - -3 whip
rCold    . . .     Gourm    .   (no shield)
rNeg     . . .     Faith    .   (armour unavailable)
rPois    .         Spirit   .   (helmet restricted)
rElec    .         Reflect  .   (no cloak)
rCorr    +         Harm     .   (no gloves)
MR       +....                  (no boots)
Stlth    ++........             (no amulet)
HPRegen  0.06/turn              d - ring of resist corrosion
MPRegen  0.09/turn              h - ring of protection from magic

@: no status effects
A: unfitting armour, cold-blooded, AC +4
a: no special abilities


You were on level 2 of the Dungeon.
You were very hungry.

You visited 1 branch of the dungeon, and saw 2 of its levels.

You collected 65 gold pieces.

Inventory:

Hand Weapons
 j - a -3 whip (weapon)
Jewellery
 d - a ring of resist corrosion (left hand)
 h - a ring of protection from magic (right hand)
Scrolls
 i - a scroll of fog
 n - a scroll of noise {unknown}
Potions
 c - a potion of might {unknown}
 f - a potion of ambrosia {unknown}
 k - a potion of resistance {unknown}
 l - 2 potions of haste {unknown}
 m - a potion of agility {unknown}
Comestibles
 b - 4 rations


   Skills:
 + Level 1.9 Dodging
 + Level 1.8 Stealth
 + Level 2.1 Spellcasting
 + Level 4.5 Conjurations


You had 2 spell levels left.
You knew the following spells:

 Your Spells              Type           Power        Failure   Level  Hunger
a - Magic Dart            Conj           ###.         3%          1    #......
b - Searing Ray           Conj           ###...       4%          2    ###....

Your spell library contained the following spells:

 Spells                   Type           Power        Failure   Level  Hunger
 Dazzling Spray           Conj/Hex       #.....       26%         3    ###....
 Iskenderun's Mystic Bla  Conj           ###.....     32%         4    #####..
 Force Lance              Conj/Tloc      #.......     65%         4    #####..
 Fulminant Prism          Conj/Hex       #.........   65%         4    #####..


Dungeon Overview and Level Annotations

Branches:
Dungeon (2/15)

Altars:
Gozag

Annotations:
D:2 Robin


Innate Abilities, Weirdness & Mutations

Your plain brown scales are hard. (AC +4)
You cannot fit into any form of body armour.
You are cold-blooded and may be slowed by cold attacks.


Message History

You feel strangely unstable.
It was a scroll of teleportation.
The hobgoblin hits you but does no damage.
The leopard gecko bites you but does no damage.
The goblin no longer looks unusually strong.
The leopard gecko barely misses you.
As you read the scroll labeled YNEOLU ORONG, it crumbles to dust.
You feel as if something is helping you.
It was a scroll of remove curse.
The goblin no longer looks unusually strong.
The hobgoblin hits you with a club.
* * * LOW HITPOINT WARNING * * *
The leopard gecko closely misses you.
Your surroundings seem slightly different.
The goblin no longer looks unusually strong.
The goblin closely misses you.
As you read the scroll labeled IWYETT RIMU, it crumbles to dust.
It is a scroll of identify.
i - a scroll of fog The goblin hits you.
You die...

#.........#
#.........#
#....§....#
#........<#
#.........#
#.....g...#
#.....g.l[#
#####
#........g##
#...###
#########g@#
#..g.P#### ##.#
#.g♣PgPg... #.#
#g..♣♣..P##
#♣.♣♣ #)#.♣ ♣gg.
#...♣♣##)#P.♣ g.
#.♣...♣...#..gP
g
#.♣...g.#####..P
# ♣♣♣♣♣...#
#.... ###.# ...l


You could see a leopard gecko, a hobgoblin and 3 goblins.

Vanquished Creatures
  5 hobgoblins
  A kobold (D:2)
  2 bats
  2 frilled lizards (D:1)
  4 goblins
  A rat (D:1)
15 creatures vanquished.

Notes
Turn   | Place    | Note
-------+----------+-------------------------------------------
     0 | D:1      | Chr0nify the Draconian Conjurer began the quest for the
                  | Orb.
     0 | D:1      | Reached XP level 1. HP: 14/14 MP: 3/3
   617 | D:1      | Reached XP level 2. HP: 9/20 MP: 0/5
  1189 | D:2      | Learned a level 2 spell: Searing Ray
  1255 | D:2      | Found an opulent altar of Gozag.
  1411 | D:2      | Noticed Robin
  1443 | D:2      | Slain by a goblin

Action                   || total
-------------------------++-------
Melee: Unarmed           ||     1
       Whip              ||     4
       Tailslap          ||     1
 Cast: Magic Dart        ||    30
       Searing Ray       ||     2
  Use: Scroll            ||     3
  Eat: Chunk             ||     1
Armor: Skin              ||     5
Dodge: Dodged            ||    22
